 Dungeon Crawl Stone Soup version 0.14-a0-2162-g062a2ce (webtiles) character file.

419 M4edhros the Vandal (level 6, -4/38 HPs)
             Began as an Octopode Hunter on Jan 28, 2014.
             Slain by Grinder (5 damage)
             ... while paralysed by Grinder
             ... on Level 3 of the Dungeon.
             The game lasted 00:04:54 (2839 turns).

M4edhros the Vandal (Octopode Hunter)               Turns: 2839, Time: 00:04:54

HP  -4/38        AC  1     Str 12      XL: 6   Next: 33%
MP   6/6         EV  2     Int 13      God:
Gold 125         SH  0     Dex 14      Spells:  0 memorised,  5 levels left

rFire  . . .     SeeInvis .     n - -3 orc hammer (curse)
rCold  . . .     Clarity  .     (no shield)
rNeg   . . .     Conserve .     (helmet restricted)
rPois  .         rCorr    .     (no amulet)
rElec  .         rRot     .     r - ring of wizardry
SustAb . .       Spirit   .     (no ring)
rMut   .         Warding  .     (no ring)
Saprov . . .     Stasis   .     (no ring)
MR     .....                    (no ring)
                                (no ring)
                                (no ring)
                                (no ring)

@: paralysed, drained, not resistant to hostile enchantments, stealthy
A: almost no armour, amphibious, 8 rings, constrict 8, camouflage 1, gelatinous
body 1
a: no special abilities


You were on level 3 of the Dungeon.
You were very hungry.

You visited 1 branch of the dungeon, and saw 5 of its levels.

You collected 125 gold pieces.

Inventory:

Hand weapons
 a - a +0,+0 short sword
 b - a +1,+3 sling
 m - a +2,+3 quarterstaff of chaos
 n - a cursed -3,-3 orcish hammer (weapon)
 o - a +1,+1 hand axe of chopping
 u - a +0,+0 sling
Missiles
 c - 46 sling bullets
 i - 39 stones
 l - 6 javelins of penetration
 s - 4 javelins (quivered)
 y - 11 sling bullets of frost
Armour
 t - a +1 buckler
Magical devices
 h - a wand of magic darts (7)
 p - a wand of digging (1)
Comestibles
 d - a pear
 f - 7 bread rations
Scrolls
 g - a scroll of teleportation {unknown}
 j - a scroll of blinking
 k - 3 scrolls of recharging
 q - a scroll of immolation
 w - 2 scrolls of fog
Jewellery
 r - a ring of wizardry (left tentacle)
Potions
 e - a potion of speed
 v - a potion of agility


   Skills:
 - Level 1.0(0.8) Fighting
 + Level 7.4(7.2) Slings
 - Level 2.0(1.8) Dodging
 - Level 1.3(1.1) Stealth


You had 5 spell levels left.
You didn't know any spells.

Dungeon Overview and Level Annotations

Branches:
Dungeon (5/16)
 Temple: D:4-7

Altars:
Elyvilon
Makhleb
Nemelex Xobeh
Trog
Zin

Annotations:
D:3 Grinder


Innate Abilities, Weirdness & Mutations

You cannot wear most types of armour.
You are amphibious.
You can wear up to eight rings at the same time.
You can use your tentacles to constrict many enemies at once.
Your skin changes colour to match your surroundings (Stlth).
Your rubbery body absorbs attacks (AC +1).


Message History

Grinder is nearby!
Grinder shouts!
Grinder says, "I used to sell toe-nails on the black market."
Grinder gestures.
Grinder blinks!
Grinder hits you.
You writhe in agony.
Found a stone staircase leading up.
You hit Grinder but do no damage. Your grab misses Grinder.
Grinder barely misses you.
You hit Grinder. Your grab misses Grinder.
Grinder is lightly wounded.
Grinder gestures at you.
You suddenly lose the ability to move!
Grinder hits you.
You writhe in agony.
Grinder hits you!
* * * LOW HITPOINT WARNING * * *
You writhe in agony.
Grinder hits you.
* * * LOW HITPOINT WARNING * * *
You writhe in agony.
You die...

#.# #.# #
#.# #.# #
#.# #.# # #
#######.##
#.# #
#<#........#
#.# #
.#.######.#
#.# . ..#
#.#####.##.
########5+
#.........
........@+
#.#####.##
########.#
#.#
#.######.#
#........#
##########


You could see Grinder.

Vanquished Creatures
  Sigmund (D:2)
  A wight (D:3)
  Crazy Yiuf (D:4)
  A jelly (D:4)
  A worker ant (D:4)
  6 adders
  3 worms (D:4)
  A giant gecko (D:2)
  4 bats
  5 hobgoblins
  A quokka (D:5)
  A giant cockroach (D:4)
  3 giant newts
  5 goblins
  A kobold (D:2)
  6 rats
41 creatures vanquished.

Vanquished Creatures (others)
  A big fish (D:3)
1 creature vanquished.

Grand Total: 42 creatures vanquished

Notes
Turn   | Place    | Note
--------------------------------------------------------------
     0 | D:1      | M4edhros, the Octopode Hunter, began the quest for the Orb.
     0 | D:1      | Reached XP level 1. HP: 13/13 MP: 1/1
   374 | D:2      | Noticed Sigmund
   390 | D:2      | Killed Sigmund
   390 | D:2      | Reached skill level 5 in Slings
   390 | D:2      | Reached XP level 2. HP: 15/18 MP: 2/2
   390 | D:2      | Reached XP level 3. HP: 19/23 MP: 3/3
   390 | D:2      | Reached XP level 4. HP: 23/28 MP: 4/4
   527 | D:2      | Found a burning altar of Makhleb.
   660 | D:2      | Reached skill level 6 in Slings
   736 | D:2      | HP: 1/28 [poisoned by an adder]
  1106 | D:3      | Reached XP level 5. HP: 31/33 MP: 5/5
  1321 | D:3      | Paralysed by a potion of paralysis for 7 turns
  1485 | D:4      | Found a bloodstained altar of Trog.
  1486 | D:4      | Found a sparkling altar of Nemelex Xobeh.
  1838 | D:5      | Entered Level 5 of the Dungeon
  2113 | D:4      | Found a glowing silver altar of Zin.
  2262 | D:4      | Reached skill level 7 in Slings
  2262 | D:4      | Reached XP level 6. HP: 34/38 MP: 6/6
  2354 | D:4      | Noticed Crazy Yiuf
  2359 | D:4      | Killed Crazy Yiuf
  2545 | D:3      | Found a white marble altar of Elyvilon.
  2832 | D:3      | Noticed Grinder
  2837 | D:3      | Paralysed by Grinder for 5 turns
  2839 | D:3      | HP: 1/38 [Grinder (6)]
  2839 | D:3      | Slain by Grinder

Action                   |  1- 3 |  4- 6 || total
-------------------------+-------+-------++-------
Melee: Hand axe          |       |    53 ||    53
       Short sword       |       |    13 ||    13
       Hammer            |       |    13 ||    13
 Fire: Sling             |    20 |    10 ||    30
Throw: Javelin           |       |     3 ||     3
Evoke: Wand              |       |     1 ||     1
  Use: Potion            |     2 |     5 ||     7
       Scroll            |       |    13 ||    13
 Stab: Sleeping          |       |     4 ||     4
